 Dungeon Crawl Stone Soup version 0.18.1-6-gd335043 (webtiles) character file.

183 stauk the Sneak (level 5, -6/32 HPs)
             Began as a Kobold Assassin on May 17, 2016.
             Mangled by Lovchig's ghost (17 damage)
             ... on level 3 of the Dungeon.
             The game lasted 00:49:59 (3846 turns).

stauk the Sneak (Kobold Assassin)                   Turns: 3846, Time: 00:50:00

Health: -6/32      AC:  4    Str:  9    XL:     5   Next: 94%
Magic:  5/5        EV: 10    Int: 10    God:
Gold:   97         SH:  0    Dex: 18    Spells: 0 memorised, 4 levels left

rFire  . . .     SeeInvis .     j - +1 short sword (drain)
rCold  . . .     Gourm    .     c - +0 robe
rNeg   . . .     Faith    .     (shield restricted)
rPois  .         Spirit   .     (no helmet)
rElec  .         Dismiss  .     d - +0 cloak
rCorr  .         Reflect  .     o - +0 pair of gloves
SustAt .         Harm     .     (no boots)
MR     .....                    i - amulet of regeneration
Stlth  ++++......               (no ring)
                                (no ring)

@: not resistant to hostile enchantments, stealthy
A: carnivore 3
a: no special abilities


You were on level 3 of the Dungeon.
You were very full.

You visited 1 branch of the dungeon, and saw 3 of its levels.

You collected 97 gold pieces.

Inventory:

Hand Weapons
 a - a +2 dagger
 b - a +0 blowgun
 j - a +1 short sword of draining (weapon)
 l - a +0 whip
 n - a +0 dagger
 v - a +0 spear
 A - a +2 war axe of flaming
 B - a +1 dagger of venom
 C - a +0 short sword
 F - a +0 whip
 I - a +0 whip
 O - a +0 flail
Missiles
 e - 43 poisoned needles
 f - 2 curare-tipped needles
 k - 47 stones (quivered)
 m - 128 arrows
 E - 11 sling bullets
Armour
 c - a +0 robe (worn)
 d - a +0 cloak (worn)
 o - a +0 pair of gloves (worn)
 p - a +0 robe
 r - a +0 ring mail
 z - a +0 robe
 G - a +0 chain mail
 H - a +0 helmet
 L - a +3 scale mail
 P - a +0 chain mail
Jewellery
 i - an amulet of regeneration (around neck)
Scrolls
 h - 5 scrolls of recharging {unknown}
 t - a scroll of magic mapping {unknown}
 w - 3 scrolls of identify {unknown}
 y - a scroll of enchant armour {unknown}
 J - a scroll of blinking {unknown}
Potions
 q - a potion of mutation {unknown}
 u - a potion of cancellation {unknown}
 x - 2 potions of curing {unknown}
 K - a potion of magic {unknown}
 M - a potion of might {unknown}
Comestibles
 g - 2 meat rations
 s - 2 bread rations
 D - 2 beef jerkies


   Skills:
 * Level 3.5 Fighting
 * Level 5.2 Short Blades
 - Level 2.1 Throwing
 + Level 1.9 Dodging
 * Level 6.6 Stealth


You had 4 spell levels left.
You didn't know any spells.

Dungeon Overview and Level Annotations

Branches:
Dungeon (3/15)

Altars:
Yredelemnul

Annotations:
D:3 Lovchig's ghost, amateur DDFi


Innate Abilities, Weirdness & Mutations

You are small and have problems with some larger weapons.
You are carnivorous and can eat meat at any time.


Message History

Eat which item? (? for menu, Esc to quit)
Okay, then.
You sense an unholy aura.
j - a +1 short sword of draining (weapon)
You climb downwards.
Level annotation: Lovchig's ghost, amateur DDFi The orc barely misses you.
Lovchig's ghost closely misses you.
There is a stone staircase leading up here.
You hit the orc. You drain the orc!
The orc is almost dead.
The orc barely misses you. Lovchig's ghost hits you.
You hit the orc.
You kill the orc!
Lovchig's ghost hits you!
You hit Lovchig's ghost but do no damage.
Lovchig's ghost is lightly damaged.
Lovchig's ghost hits you! Lovchig's ghost hits you!
Ouch! That really hurt!
You die...

# #.# #.#
###.####.#######
'..........o...#
###.###..#####.# #
#.###..###...#### #
#.##............# #
#......###..##### #
####........##########
###............)@W.....#
#........#.##.##########
###..#......#.#
#.........#.#
##.#........#
#.........#.#
#..#........#
#.......###.#
#..#........#


You could see Lovchig's ghost.

Vanquished Creatures
  10 adders (D:2)
  A worm (D:2)
  A dart slug (D:1)
  A giant gecko (D:1)
  4 orcs (D:3)
  7 ball pythons
  5 bats
  6 giant cockroaches
  8 goblins
  8 hobgoblins
  6 jackals
  10 kobolds
  A quokka (D:2)
  5 giant newts
  8 rats
81 creatures vanquished.

Notes
Turn   | Place    | Note
--------------------------------------------------------------
     0 | D:1      | stauk the Kobold Assassin began the quest for the Orb.
     0 | D:1      | Reached XP level 1. HP: 12/12 MP: 1/1
   345 | D:1      | Reached XP level 2. HP: 17/17 MP: 2/2
  1033 | D:1      | Reached XP level 3. HP: 18/21 MP: 3/3
  1770 | D:2      | Reached XP level 4. HP: 14/27 MP: 4/4
  2285 | D:2      | Reached skill level 6 in Stealth
  2306 | D:2      | Reached skill level 5 in Short Blades
  2343 | D:2      | Reached XP level 5. HP: 32/32 MP: 5/5
  3026 | D:2      | Found a basalt altar of Yredelemnul.
  3680 | D:3      | Noticed Lovchig's ghost (amateur DDFi)
  3846 | D:3      | Mangled by Lovchig's ghost

Skill      XL: |  1  2  3  4  5 |
---------------+----------------+-----
Short Blades   | 3 4 5 |  5.2
Stealth        | 6 |  6.6
Fighting       | 3 |  3.5
Throwing       | |  2.1
Dodging        | |  1.9

Action                   |  1- 3 |  4- 6 || total
-------------------------+-------+-------++-------
Melee: Dagger            |   149 |   153 ||   302
       Short sword       |       |     3 ||     3
 Fire: Blowgun           |       |     4 ||     4
 Stab: Sleeping          |     3 |    15 ||    18
       Distracted        |     1 |       ||     1
  Eat: Chunk             |    10 |     7 ||    17
Armor: Robe              |    28 |    31 ||    59
Dodge: Dodged            |    98 |   108 ||   206
